 Dungeon Crawl Stone Soup version 0.25-a0-544-gee0576305d (webtiles) character file.

Game seed: 958242296928151870, levelgen mode: deterministic

6549 vurker the Zephyrmancer (level 10, 49/49 HPs)
             Began as a Felid Air Elementalist on Feb 20, 2020.
             Was an Elder of Vehumet.
             Quit the game on level 5 of the Lair of Beasts.
             The game lasted 00:32:53 (29815 turns).

vurker the Zephyrmancer (Felid Air Elementalist)   Turns: 29815, Time: 00:32:53

Health: 49/49      AC:  3    Str:  4    XL:     10   Next: 70%
Magic:  26/26      EV: 22    Int: 22    God:    Vehumet [****..]
Gold:   831        SH:  5    Dex: 16    Spells: 21/31 levels left
                                        Lives:  0   Deaths: 2

rFire    . . .     SeeInvis +   (weapon unavailable)
rCold    + . .     Gourm    .   (shield unavailable)
rNeg     . . .     Faith    .   (armour unavailable)
rPois    .         Spirit   .   (helmet unavailable)
rElec    .         Reflect  +   (cloak unavailable)
rCorr    +         Harm     .   (gloves unavailable)
MR       +....                  (boots unavailable)
Stlth    +++.......             C - +5 amulet of reflection
HPRegen  0.16/turn              k - ring of resist corrosion
MPRegen  0.20/turn              c - ring of flight (curse)

@: quick
A: very small, no armour, no weapons or thrown items, stealth, claws 1, fangs 3,
see invisible, carnivore, speed 1, shaggy fur 3, slow metabolism 1, sharp paws
a: Renounce Religion, Evoke Flight


You were on level 5 of the Lair of Beasts.
You worshipped Vehumet.
Vehumet was greatly pleased with you.
You were not hungry.

You visited 3 branches of the dungeon, and saw 18 of its levels.
You also visited: Ossuary.

You collected 1070 gold pieces.
You spent 239 gold pieces at shops.

Inventory:

Jewellery
 c - a cursed ring of flight (right paw)
   (You found it on level 5 of the Dungeon)
 k - a ring of resist corrosion (left paw)
   (You found it in an ossuary)
 C - a +5 amulet of reflection (around neck)
   (You found it in an ossuary)
Wands
 d - a wand of iceblast (7)
   (You found it on level 5 of the Lair of Beasts)
 j - a wand of polymorph (29)
   (You found it on level 4 of the Dungeon)
 s - a wand of clouds (9)
   (You found it on level 3 of the Lair of Beasts)
 t - a wand of flame (29)
   (You found it on level 7 of the Dungeon)
 v - a wand of digging (5)
   (You found it on level 5 of the Dungeon)
 y - a wand of scattershot (3)
   (You found it on level 6 of the Dungeon)
 D - a wand of enslavement (5)
   (You found it on level 8 of the Dungeon)
Scrolls
 a - 2 scrolls of noise
 g - 5 scrolls of amnesia
 o - 8 scrolls of remove curse
 q - a scroll of magic mapping
 u - 9 scrolls of teleportation
 w - 4 scrolls of fog
 x - 2 scrolls of immolation
 H - a scroll of fear
 I - 2 scrolls of blinking
 K - a scroll of summoning
 L - a scroll of identify
Potions
 b - 3 potions of haste
 f - a potion of resistance
 h - 8 potions of curing
 i - 2 potions of flight
 l - 4 potions of magic
 m - 3 potions of brilliance
 n - 2 potions of heal wounds
 p - 2 potions of lignification
 r - a potion of cancellation
 A - a potion of berserk rage
 B - 3 potions of invisibility
 E - 2 potions of stabbing
 F - 2 potions of ambrosia
Miscellaneous
 z - a lamp of fire
   (You found it on level 4 of the Lair of Beasts)
 G - a fan of gales
   (You found it on level 9 of the Dungeon)
Comestibles
 e - 29 rations


   Skills:
 + Level 8.6 Fighting
 + Level 6.2 Dodging
 - Level 2.6 Stealth
 * Level 11.3 Spellcasting
 - Level 8.0 Conjurations
 * Level 11.4 Air Magic
 - Level 0.6 Evocations


You had 21 spell levels left.
You knew the following spells:

 Your Spells              Type           Power        Failure   Level  Hunger
a - Shock                 Conj/Air       ####         1%          1    None
b - Lightning Bolt        Conj/Air       ######....   1%          5    ####...
c - Airstrike             Air            ######....   1%          4    #......

Your spell library contained the following spells:

 Spells                   Type           Power        Failure   Level  Hunger
 Ignite Poison            Fire/Tmut/Pois ##......     4%          3    None
 Swiftness                Chrm/Air       #####...     1%          2    None
 Static Discharge         Conj/Air       ######..     1%          3    None
 Animate Skeleton         Necr           N/A          5%          1    None
 Pain                     Necr           ##..         5%          1    None
 Confusing Touch          Hex            ##......     16%         3    None
 Gell's Gravitas          Tloc           ##........   16%         3    None
 Vampiric Draining        Necr           ##........   16%         3    None
 Yara's Violent Unravell  Hex/Tmut       ##........   36%         5    ####...
 Animate Dead             Necr           N/A          47%         4    #......
 Petrify                  Tmut/Erth      ##......     47%         4    #......
 Agony                    Necr           ##......     83%         5    ####...
 Metabolic Englaciation   Hex/Ice        ##........   83%         5    ####...


Dungeon Overview and Level Annotations

Branches:
Dungeon (11/15)            Temple (1/1) D:4            Lair (6/6) D:8
 Shoals (0/4) Lair:4       Spider (0/4) Lair:4          Orc (0/2) D:9
Ossuary (visited)
  Slime: Lair:5-6

Altars:
Elyvilon
Fedhas
Gozag
Hepliaklqana
Kikubaaqudgha
Makhleb
Ru
Sif Muna
Trog
Uskayaw
Vehumet
Xom
Yredelemnul
Zin
The Shining One

Shops:
D:5 ?   D:10 [


Innate Abilities, Weirdness & Mutations

You cannot wear armour.
You are incapable of wielding weapons or throwing items.
Your paws allow you to move quietly. (Stealth)
You have sharp claws.
You have razor-sharp teeth.
You have supernaturally acute eyesight. (SInv)
You are carnivorous and can eat meat at any time.
You cover ground quickly.
Your thick and shaggy fur keeps you warm. (AC +3, rC+)
You have a slow metabolism.
Your sharp claws are effective at attacking unaware monsters.


Message History

The dream sheep bites you!
* * * LOW HITPOINT WARNING * * *
The black mamba completely misses you.
You climb upwards.
There is a stone staircase leading down here.
Unknown command.
Unknown command.
Unknown command.
Unknown command.
Unknown command.
Unknown command.
Unknown command.
Unknown command.
Unknown command.
Unknown command.
Unknown command.
Unknown command.
The basilisk gazes at you. You resist with almost no effort.
The black mamba closely misses you.
The dream sheep bites you but does no damage.
The dream sheep bites you.
* * * LOW HITPOINT WARNING * * *
The black mamba completely misses you. You block the black mamba's attack.
Aim: a dream sheep The air twists around and strikes the dream sheep!
The black mamba completely misses you.
The dream sheep ruffles its wool and motes of dream dust sparkle, to no effect.
The black mamba closely misses you.
Aim: a dream sheep (moderately wounded)
The air twists around and strikes the dream sheep!
The black mamba closely misses you.
Aim: a dream sheep (heavily wounded)
The air twists around and strikes the dream sheep!
The black mamba barely misses you. The black mamba bites you!
* * * LOW HITPOINT WARNING * * *
The dream sheep ruffles its wool and motes of dream dust sparkle, to no effect.
Aim: a dream sheep (almost dead)
The air twists around and strikes the dream sheep!
You kill the dream sheep!
Vehumet accepts your kill.
You feel your power returning. The black mamba barely misses you.
The black mamba bites you!
You die...
You are lethally poisoned!
The black mamba poisons you!
You are now level 10!
You rejoin the land of the living...
Done exploring.
Done exploring.

##.#...##....##.........# #
##.............###......#####
#P............## ##......P#..
##P............# ##......#..
##............# #.#........
##........^..## ####.......
##.............### ##......
#...P............## ##.......
###P......P#@...#.###....PPPP
#....#####....[###......PPP
##.### ##...<#........#.. ###
######.....#......##.#
#.##.............#.###
##..............####
##.............P.#
#...............### ##
##.................####.


There were no monsters in sight!

Vanquished Creatures
  2 hydras (Lair:5)
  Harold (Lair:2)
  A catoblepas (Lair:5)
  A manticore (D:11)
  2 black mambas (Lair:4)
  Maurice (D:10)
  A gargoyle (D:7)
  3 komodo dragons
  2 spiny frogs
  3 rime drakes
  A kobold demonologist (D:8)
  A troll (D:10)
  2 hornets
  A polar bear (Lair:4)
  A dream sheep (Lair:5)
  7 hippogriffs
  5 blink frogs (Lair:5)
  A snapping turtle (Lair:4)
  A wyvern (Lair:3)
  A basilisk (Lair:3)
  22 yaks
  A human (D:7)
  4 hogs
  Menkaure (D:5)
  Eustachio (D:5)
  A steam dragon (D:8)
  2 hungry ghosts (D:9)
  Edmund (D:4)
  5 porcupines
  8 water moccasins
  An orc warrior (D:10)
  2 sky beasts (D:8)
  2 ice beasts
  A necrophage (D:7)
  2 phantoms
  5 centaurs
  4 crocodiles
  5 ogres
  9 big kobolds
  Blork the orc (D:5)
  12 bullfrogs
  2 wyvern skeletons (D:7)
  14 scorpions
  A water moccasin skeleton (D:7)
  3 wights (D:10)
  A troll zombie (D:9)
  8 electric eels
  5 howler monkeys
  3 crimson imps
  A hound (D:5)
  A human zombie (Ossuary)
  3 quasits
  3 centaur zombies (Ossuary)
  7 orc priests
  4 gnoll shamans (D:10)
  3 jellies
  2 bullfrog skeletons
  A centaur skeleton (D:7)
  4 orc wizards
  3 iguanas
  10 worker ants
  2 big kobold zombies (Ossuary)
  5 ogre zombies (D:9)
  2 hound skeletons (D:4)
  4 mummies
  A howler monkey zombie (D:11)
  A worker ant zombie (D:9)
  12 gnolls
  4 scorpion zombies (Ossuary)
  15 adders
  2 shadow imps
  2 adder zombies (D:7)
  2 adder skeletons
  A worm (D:2)
  6 dart slugs
  7 leopard geckos
  16 orcs
  A ball python (D:2)
  10 bats
  7 giant cockroaches
  3 gnoll zombies (Ossuary)
  6 goblins
  6 hobgoblins
  6 jackals (D:1)
  A quokka (D:3)
  4 frilled lizards
  2 goblin skeletons (D:9)
  4 goblin zombies (D:9)
  9 hobgoblin zombies
  5 kobolds
  3 kobold zombies
  9 orc zombies
  9 rats
374 creatures vanquished.

Vanquished Creatures (others)
  A komodo dragon (Lair:6)
  A water moccasin (Lair:4)
  A gnoll sergeant (D:7)
  A butterfly (Lair:2)
  6 fungi (D:10)
  18 plants
28 creatures vanquished.

Grand Total: 402 creatures vanquished

Notes
Turn   | Place    | Note
-------+----------+-------------------------------------------
     0 | D:1      | vurker the Felid Air Elementalist began the quest for the
                  | Orb.
     0 | D:1      | Reached XP level 1. HP: 7/7 MP: 4/4
   214 | D:1      | Reached skill level 1 in Conjurations
   347 | D:1      | Reached XP level 2. HP: 12/12 MP: 3/6
  1320 | D:1      | Reached XP level 3. HP: 15/15 MP: 0/7
  2244 | D:2      | Reached skill level 1 in Fighting
  2598 | D:2      | Reached XP level 4. HP: 15/19 MP: 3/9
  3985 | D:3      | Reached XP level 5. HP: 22/22 MP: 6/10
  4249 | D:3      | Learned a level 5 spell: Lightning Bolt
  4254 | D:3      | Learned a level 4 spell: Airstrike
  4874 | D:4      | Gained mutation: You are covered in thick fur. (AC +2)
                  | [Felid growth]
  4874 | D:4      | Reached XP level 6. HP: 26/26 MP: 8/12
  4874 | D:4      | Noticed Edmund
  5341 | D:4      | Found a staircase to the Ecumenical Temple.
  5371 | Temple   | Entered the Ecumenical Temple
  5421 | Temple   | Became a worshipper of Vehumet
  6049 | D:4      | Killed Edmund
  6381 | D:5      | Entered Level 5 of the Dungeon
  6385 | D:5      | Noticed Menkaure
  6393 | D:5      | Killed Menkaure
  6393 | D:5      | Reached XP level 7. HP: 30/30 MP: 8/14
  6686 | D:5      | Reached skill level 5 in Air Magic
  6692 | D:5      | Found a sand-covered staircase.
  6914 | Ossuary  | Entered an ossuary
  7100 | Ossuary  | Reached skill level 5 in Spellcasting
  7415 | Ossuary  | Reached XP level 8. HP: 24/34 MP: 1/16
  7776 | Ossuary  | Reached * piety under Vehumet
  7776 | Ossuary  | Offered knowledge of Foxfire by Vehumet.
  8678 | D:5      | Noticed Eustachio
  8681 | D:5      | Killed Eustachio
  8810 | D:5      | Found Veaqir's Magic Scroll Shoppe.
  8816 | D:5      | Bought a scroll of magic mapping for 45 gold pieces
  8816 | D:5      | Bought 2 scrolls of teleportation for 78 gold pieces
  8816 | D:5      | Bought a scroll of fear for 45 gold pieces
  8816 | D:5      | Bought a scroll of fog for 26 gold pieces
  8816 | D:5      | Bought a scroll of immolation for 45 gold pieces
  8994 | D:5      | Noticed Blork the orc
  8997 | D:5      | Killed Blork the orc
  9697 | D:6      | Found an opulent altar of Gozag.
  9834 | D:6      | Reached XP level 9. HP: 39/39 MP: 10/19
 11137 | D:7      | Reached ** piety under Vehumet
 11137 | D:7      | Offered knowledge of Freeze by Vehumet.
 11492 | D:7      | Reached skill level 5 in Fighting
 11934 | D:6      | Reached skill level 5 in Conjurations
 13097 | D:7      | Noticed a gargoyle
 13102 | D:7      | Killed a gargoyle
 13102 | D:7      | Reached XP level 10. HP: 23/45 MP: 1/23
 13849 | D:8      | Offered knowledge of Mephitic Cloud by Vehumet.
 14011 | D:8      | Found a shimmering altar of Xom.
 14017 | D:8      | Found a white marble altar of Elyvilon.
 14018 | D:8      | Found a bloodstained altar of Trog.
 14240 | D:8      | Found a hide-covered altar of Uskayaw.
 14605 | D:8      | Reached *** piety under Vehumet
 15860 | D:8      | Found a staircase to the Lair.
 16950 | D:9      | Offered knowledge of Stone Arrow by Vehumet.
 17716 | D:9      | Reached **** piety under Vehumet
 17922 | D:9      | Offered knowledge of Ignite Poison by Vehumet.
 18062 | D:9      | Reached XP level 11. HP: 49/49 MP: 2/25
 18250 | D:9      | Found a staircase to the Orcish Mines.
 18551 | D:9      | Found a sacrificial altar of Ru.
 18891 | D:9      | Found a hazy altar of Hepliaklqana.
 18988 | D:10     | Entered Level 10 of the Dungeon
 19012 | D:10     | Found Rizod's Antique Armour Boutique.
 19562 | D:10     | Noticed Maurice
 19566 | D:10     | Killed Maurice
 22138 | Lair:1   | Entered Level 1 of the Lair of Beasts
 22986 | Lair:2   | Noticed Harold
 23185 | Lair:2   | Reached skill level 10 in Air Magic
 23567 | Lair:2   | Killed Harold
 24002 | Lair:2   | Reached skill level 10 in Spellcasting
 25804 | Lair:4   | Gained mutation: Your thick and shaggy fur keeps you warm.
                  | (AC +3, rC+) [Felid growth]
 25804 | Lair:4   | Reached XP level 12. HP: 41/55 MP: 11/27
 26435 | Lair:4   | Found a hole to the Spider Nest.
 27072 | Lair:4   | Found a staircase to the Shoals.
 27527 | Lair:5   | Noticed a five-headed hydra
 27532 | Lair:5   | Killed a five-headed hydra
 27682 | Lair:5   | Reached skill level 5 in Dodging
 28706 | Lair:5   | Noticed an eight-headed hydra
 28711 | Lair:5   | Killed an eight-headed hydra
 28820 | Lair:5   | Noticed a catoblepas
 28846 | Lair:5   | Killed a catoblepas
 29110 | Lair:5   | Slain by a blink frog
 29111 | Lair:5   | Reached XP level 11. HP: 0/52 MP: 4/27
 29523 | Lair:6   | Entered Level 6 of the Lair of Beasts
 29814 | Lair:5   | Slain by a black mamba
 29815 | Lair:5   | Reached XP level 10. HP: -5/49 MP: 13/26
 29815 | Lair:5   | Quit the game

Levels and vault maps discovered:
D:1:      eino_arrival_cavern_b, layout_basic
D:2:      layout_loops_corners, kennysheep_generic_room_14
D:3:      layout_basic
D:4:      layout_basic, temple_pool_b, uniq_edmund
D:5:      layout_basic, first_ration, nicolae_ossuary_entry_giza, serial_shops,
          nicolae_shop_competitors_out_of_business, serial_bayou_lake_a,
          uniq_eustachio, uniq_menkaure, uniq_blork_the_orc
D:6:      layout_loops_ring, lemuel_round_altar
D:7:      cheibrodos_two_vegetables, layout_rooms, grunt_livestock
D:8:      layout_basic, eat_drink_and_be_merry_uskayaw,
          chequers_temple_overflow_statue_of_worship, david_lair_shrubbed,
          special_room [special_room_kobold]
D:9:      layout_loops_ring, kennysheep_little_box, kennysheep_mini,
          zombieorc1_lemuel
D:10:     kennysheep_seaside_town, layout_basic, serial_shops, shop,
          grunt_decor_mini_mirrors, nrook_uturn, uniq_maurice
D:11:     layout_small_grid
Temple:   bh_familiar_temple
Lair:1:   layout_hall_layers
Lair:2:   layout_regular_city, lemuel_old_faithful, grunt_megastairs_4,
          lemuel_fruit_fields, uniq_harold
Lair:3:   layout_chaotic_city, serial_bayou_shore_b, grunt_megastairs_3,
          infiniplex_staircase_pool
Lair:4:   layout_roguey, minmay_shoals_entry_hut, dummy_spider_entry
Lair:5:   layout_hall_layers
Lair:6:   cheibrodos_lair_end_hotspot, layout_big_grid, dpeg_slime_entry_corner,
          portal_ice_cave_entry_pillars_2

Skill      XL: |  1  2  3  4  5  6  7  8  9 10 11 12 |
---------------+-------------------------------------+-----
Conjurations   | 1 2 3 4 5 6 8 |  8.0
Air Magic      | 3 4 5 6 8 9 10 11 | 11.4
Fighting       | 1 2 3 4 5 6 7 8 |  8.6
Spellcasting   | 3 4 5 6 8 9 10 11 | 11.3
Dodging        | 4 6 |  6.2
Stealth        | |  2.6
Evocations     | |  0.6

Action                   |  1- 3 |  4- 6 |  7- 9 | 10-12 || total
-------------------------+-------+-------+-------+-------++-------
Melee: Unarmed           |    24 |    13 |    50 |    26 ||   113
       Bite              |     1 |     1 |     3 |     2 ||     7
 Cast: Shock             |    94 |   127 |   197 |    43 ||   461
       Airstrike         |       |     4 |    96 |   452 ||   552
Evoke: Wand              |       |       |       |    14 ||    14
  Use: Scroll            |       |    10 |     7 |     9 ||    26
       Potion            |       |     1 |       |       ||     1
  Eat: Chunk             |    11 |     7 |    21 |    61 ||   100
Armor: Skin              |     2 |       |     7 |     7 ||    16
Dodge: Dodged            |    32 |    29 |    93 |    84 ||   238
Block: Other             |       |     3 |    19 |    22 ||    44
       Reflection        |       |     1 |     3 |       ||     4

Table legend:
 A = Non-vault XP
 B = Vault XP
 C = Vault XP percentage of total XP
 D = Non-vault monster count
 E = Vault monster count
 F = Vault count percentage of total count
                 A         B        C        D         E       F
            +---------+---------+-------+---------+---------+-------
      Total |   23762 |    8926 |  27.3 |     256 |     119 |  31.7
            +---------+---------+-------+---------+---------+-------
        D:1 |      50 |       0 |   0.0 |      27 |       0 |   0.0
        D:2 |      63 |       2 |   3.1 |      21 |       1 |   4.5
        D:3 |     185 |       0 |   0.0 |      19 |       0 |   0.0
        D:4 |     153 |     158 |  50.8 |      10 |       1 |   9.1
        D:5 |     321 |     475 |  59.7 |      12 |       6 |  33.3
        D:6 |     575 |     370 |  39.2 |      11 |       2 |  15.4
        D:7 |    1336 |    1409 |  51.3 |      26 |      11 |  29.7
        D:8 |    2399 |    1440 |  37.5 |      33 |      11 |  25.0
        D:9 |     943 |     727 |  43.5 |      13 |      29 |  69.0
       D:10 |     811 |    1454 |  64.2 |      13 |      19 |  59.4
       D:11 |     904 |       0 |   0.0 |       7 |       0 |   0.0
     Lair:1 |     766 |       0 |   0.0 |       3 |       0 |   0.0
     Lair:2 |    1324 |    1305 |  49.6 |       7 |       2 |  22.2
     Lair:3 |    1983 |     245 |  11.0 |      10 |       2 |  16.7
     Lair:4 |    3543 |     250 |   6.6 |      15 |       1 |   6.2
     Lair:5 |    8406 |       0 |   0.0 |      29 |       0 |   0.0
    Ossuary |       0 |    1091 | 100.0 |       0 |      34 | 100.0
            +---------+---------+-------+---------+---------+-------
